 Dungeon Crawl Stone Soup version 0.17.0-15-g6d90897 (webtiles) character file.

2386644 TruthSerum the Conqueror (level 27, 207/245 HPs)
             Began as a Minotaur Fighter on Nov 9, 2015.
             Was the Champion of Okawaru.
             Escaped with the Orb
             ... and 4 runes on Nov 11, 2015!
             The game lasted 07:13:04 (71272 turns).

TruthSerum the Conqueror (Minotaur Fighter)        Turns: 71272, Time: 07:13:04

Health: 207/245    AC: 46    Str: 24    XL:     27
Magic:  25/25      EV: 29    Int:  7    God:    Okawaru [******]
Gold:   8685       SH: 29    Dex: 24    Spells: 0 memorised, 26 levels left

rFire  + + .     SeeInvis +     b - +6 morningstar "Killer Klown's Bane" {flame, rElec MR+}
rCold  + + +     Clarity  +     g - +5 gold dragon armour
rNeg   + . .     SustAt   .     R - +2 large shield of Mental Paralysis {*Drain rN+ Dex+2 SInv}
rPois  +         Gourm    .     q - +0 mask of the Dragon {MR+ Slay+3 SInv}
rElec  +         Spirit   .     G - +0 cloak "Nayttel" {rElec rPois MR++}
rCorr  .         Warding  .     H - +2 pair of gloves
rMut   .         Stasis   .     Q - +3 pair of boots of the Vestibule of Hell {rF+ rC+ Dex-2}
MR     +++++                    x - amulet of Monotheism {Faith +Blink Dex+5}
Stlth  ..........               o - +5 ring of evasion
                                O - ring of Kika {rPois rC+ Int+4 Dex+4}

@: almost entirely resistant to hostile enchantments, extremely unstealthy
A: retaliatory headbutt, horns 2, icy blue scales 1, rough black scales 1,
berserk 1, clarity, clumsy 2, dopey 1, frail 1, low mp 2, screaming 2,
MP-powered wands
a: Heroism, Finesse, Renounce Religion, Evoke Blink
0: Orb of Zot
}: 4/15 runes: decaying, serpentine, silver, abyssal


You escaped.
You worshipped Okawaru.
Okawaru was exalted by your worship.
You were not hungry.

You visited 10 branches of the dungeon, and saw 54 of its levels.
You visited the Abyss 1 time.
You visited 1 ziggurat, and saw 11 of its levels.
You also visited: Ice Cave, Volcano and Wizlab.

You collected 10187 gold pieces.
You spent 1502 gold pieces at shops.

Inventory:

Hand Weapons
 a - a +9 vampiric eveningstar
 b - the +6 morningstar "Killer Klown's Bane" (weapon) {flame, rElec MR+}
   (Okawaru gifted it to you on level 2 of the Vaults)

   It has been specially enchanted to burn those struck by it, causing extra
   injury to most foes and up to half again as much damage against particularly
   susceptible opponents.
   It insulates you from electricity.
   It affects your resistance to hostile enchantments.
Armour
 g - a +5 gold dragon armour (worn)
 q - the +0 mask of the Dragon (worn) {MR+ Slay+3 SInv}
   (You found it on level 9 of a ziggurat)

   It affects your accuracy and damage with ranged weapons and melee attacks
   (+3).
   It affects your resistance to hostile enchantments.
   It lets you see invisible.
 G - the +0 cloak "Nayttel" (worn) {rElec rPois MR++}
   (You found it in a wizard's laboratory)

   It insulates you from electricity.
   It protects you from poison.
   It affects your resistance to hostile enchantments.
 H - a +2 pair of gloves (worn)
 Q - the +3 pair of boots of the Vestibule of Hell (worn) {rF+ rC+ Dex-2}
   (You bought it in a shop on level 4 of the Orcish Mines)

   It affects your dexterity (-2).
   It protects you from fire.
   It protects you from cold.
 R - the +2 large shield of Mental Paralysis (worn) {*Drain rN+ Dex+2 SInv}
   (Okawaru gifted it to you on level 4 of the Vaults)

   It affects your dexterity (+2).
   It protects you from negative energy.
   It lets you see invisible.
   It causes draining when unequipped.
Jewellery
 f - the ring of Entrepreneurial Spirit {rF+ Str+6 Int+2}
   (You found it on level 6 of a ziggurat)

   [ring of intelligence]

   It affects your strength (+6).
   It affects your intelligence (+2).
   It protects you from fire.
 o - a +5 ring of evasion (right hand)
 p - the ring of Accord {+Fly rF- rN+ MP+9 Slay+3}
   (You found it on level 4 of a ziggurat)

   [ring of flight]

   It affects your accuracy and damage with ranged weapons and melee attacks
   (+3).
   It makes you vulnerable to fire.
   It protects you from negative energy.
   It affects your magic capacity (+9).
   It lets you fly.
 x - the amulet of Monotheism (around neck) {Faith +Blink Dex+5}
   (You took it off a deep elf fighter on level 3 of the Elven Halls)

   [amulet of faith]

   It allows you to gain divine favour quickly.
   It affects your dexterity (+5).
   It lets you blink.
 L - an uncursed amulet of the gourmand
 O - the ring of Kika (left hand) {rPois rC+ Int+4 Dex+4}
   (You took it off a deep elf master archer on level 3 of the Elven Halls)

   [ring of poison resistance]

   It affects your intelligence (+4).
   It affects your dexterity (+4).
   It protects you from cold.
   It protects you from poison.
 T - an uncursed amulet of resist mutation
Wands
 l - a wand of lightning (8)
 y - a wand of digging (12)
 C - a wand of heal wounds (1)
 F - a wand of hasting (2)
 P - a wand of draining (15)
 S - a wand of disintegration (14)
 V - a wand of teleportation (3)
Scrolls
 i - 12 scrolls of fog
 k - a scroll of summoning
 m - 9 scrolls of enchant weapon
 z - 6 scrolls of blinking
 A - 2 scrolls of holy word
 D - 27 scrolls of remove curse
 I - a scroll of recharging
 J - a scroll of fear
 U - 13 scrolls of teleportation
 Y - 7 scrolls of magic mapping
 Z - 7 scrolls of identify
Potions
 c - 5 potions of haste
 d - 5 potions of cure mutation
 h - 17 potions of curing
 j - 8 potions of agility
 r - 7 potions of invisibility
 s - 11 potions of flight
 u - 2 potions of might
 B - 2 potions of resistance
 E - 3 potions of cancellation
 M - 6 potions of berserk rage
Comestibles
 e - 37 bread rations
 n - 13 royal jellies
 t - 22 meat rations
 w - 28 fruits
 W - 9 beef jerkies
 X - 14 slices of pizza


   Skills:
 O Level 27 Fighting
 + Level 20.9 Maces & Flails
 + Level 23.8 Armour
 + Level 24.1 Dodging
 - Level 25.1 Shields
 + Level 12.0 Invocations
 + Level 13.2 Evocations


You had 26 spell levels left.
You didn't know any spells.

Dungeon Overview and Level Annotations

Branches:
Dungeon (15/15)            Temple (1/1) D:7            Lair (8/8) D:8
  Swamp (4/4) Lair:5        Snake (4/4) Lair:3        Slime (0/6) Lair:7
    Orc (4/4) D:9             Elf (3/3) Orc:4        Vaults (5/5) D:13
  Crypt (0/3) Vaults:3     Depths (5/5) D:15            Zot (5/5) Depths:5

Altars:
Ashenzari
Cheibriados
Dithmenos
Elyvilon
Fedhas
Gozag
Kikubaaqudgha
Makhleb
Nemelex Xobeh
Okawaru
Qazlal
Ru
Sif Muna
Trog
Vehumet
Xom
Yredelemnul
Zin
The Shining One
Beogh
Jiyva

Shops:
Orc:4 ![![*   Elf:2 *   Vaults:1 *[(   Vaults:3 !   Depths:4 *

Portals:
Hell: Lair:8 Depths:1 Depths:2 Depths:3 Depths:4 Depths:5
Abyss: Depths:1 Depths:4
Pandemonium: Depths:2 Depths:3

Annotations:
Depths:2 8 runed doors


Innate Abilities, Weirdness & Mutations

You reflexively headbutt those who attack you in melee.
You have a pair of horns on your head.
You are partially covered in icy blue scales (AC +1).
You are partially covered in rough black scales (AC +4, Dex -1).
You tend to lose your temper in combat.
You possess an exceptional clarity of mind.
You are very clumsy. (Dex -4)
You are dopey. (Int -2)
You are frail (-10% HP).
Your magical capacity is very low (-20% MP).
You sometimes yell uncontrollably at your foes.
You expend magic power (3 MP) to strengthen your wands.


Message History

You offer a prayer to Okawaru.
Okawaru is exalted by your worship.
Your surroundings suddenly seem different.
You see here a whip.
There is a stone staircase leading up here.
You climb upwards.
There is a stone staircase leading down here.
Found 27 stones.
e - 37 bread rations (gained 1)
As you read the scroll of teleportation, it crumbles to dust.
You feel strangely unstable.
You feel the Orb delaying your translocation!
Your surroundings suddenly seem different.
There is a stone staircase leading up here.
You climb upwards.
There is a stone staircase leading down here.
There is an open door here.
There is a staircase leading out of the dungeon here.
You can't go down here!
You have escaped!

#...........##.....#
#.####...........#.#
#.####.###.#.....#.#
#..........#######.#
######.............#
###############
#.+....♣P#P##
######.#≈≈≈..♣P#.♣
##......##≈8....@♣#
.......##≈≈≈..♣P#.♣
........'....♣P#P##
........##########
....###.#.# ....#
#...# ....#####.###
............#
............#


There were no monsters in sight!

Vanquished Creatures
  3 orbs of fire (Zot:5)
  3 juggernauts
  2 greater mummies (Zig:11)
  5 ancient liches
  Boris (Vaults:2)
  Margery (Depths:2)
  Norris (Elf:2)
  3 curse toes
  3 Killer Klowns
  Nikola (Swamp:2)
  the Enchantress (Depths:3)
  9 golden dragons
  6 electric golems
  23 Orb Guardians
  13 tentacled monstrosities
  4 liches
  2 deep elf blademasters (Elf:3)
  2 deep elf master archers (Elf:3)
  5 titans (Vaults:5)
  4 quicksilver dragons
  An acid blob (shapeshifter) (Depths:1)
  7 tentacled starspawn
  An acid blob (Depths:4)
  4 death cobs
  6 sphinxes
  An eldritch tentacle (WizLab)
  9 tengu reavers
  6 thorn hunters
  11 storm dragons
  Kirke (Swamp:2)
  5 shadow dragons
  9 draconian monks
  2 azure jellies (Depths:4)
  11 frost giants
  11 fire giants
  3 deep elf sorcerers
  11 greater nagas
  Maud (Lair:8)
  3 draconian knights
  12 ghost moths
  An orc warlord (Vaults:5)
  2 draconian shifters
  3 draconian scorchers (Zot:3)
  Aizul (Vaults:1)
  2 iron dragons (Zot:1)
  Louise (Snake:1)
  16 vault wardens
  2 emperor scorpions
  3 draconian zealots
  A cacodemon (Abyss:4)
  20 ironheart preservers
  3 war gargoyles (Vaults:5)
  A juggernaut zombie (Zig:1)
  3 spriggan defenders (Depths:3)
  14 very ugly things
  4 draconian annihilators
  A caustic shrike skeleton (Zig:11)
  8 deep elf demonologists
  11 stone giants
  3 draconian callers
  8 green draconians
  Nessos (Lair:5)
  4 vampire knights
  5 black draconians
  10 yellow draconians
  A lorocyproca (WizLab)
  A dire elephant (shapeshifter) (Vaults:5)
  A dire elephant (Lair:8)
  5 purple draconians
  9 white draconians
  13 deep elf annihilators
  12 mottled draconians
  11 red draconians
  The ghost of crawdingle the Fighter, a journeyman GrBe of Trog (Lair:6)
  9 ettins
  Snorg (Orc:4)
  16 large abominations
  10 deep elf death magi
  3 mummy priests (Zig:11)
  A corrupter (Zig:7)
  38 vault guards
  14 fire dragons
  9 rakshasas
  5 death oozes (Depths:4)
  A fire dragon (shapeshifter) (Vaults:3)
  2 deep elf high priests
  18 yaktaur captains
  15 entropy weavers
  29 ice dragons
  27 hydras
  25 great orbs of eyes
  15 naga warriors
  A ghost crab (Swamp:4)
  6 spriggan air magi
  2 monstrous demonspawn (Depths:3)
  A hydra (shapeshifter) (Vaults:5)
  Erica (D:11)
  10 centaur warriors
  14 anacondas
  11 death yaks
  10 ogre magi
  20 dancing weapons
  A vampire mage (Depths:2)
  The ghost of Ramon the Basher, a novice DsFi of Dithmenos (D:9)
  4 tengu warriors
  15 naga sharpshooters
  5 spriggan berserkers
  2 sun demons
  12 deep troll shamans
  8 shock serpents
  10 deep troll earth magi
  9 alligators
  9 orc high priests
  Nergalle (Lair:3)
  2 shadow wraiths
  12 thrashing horrors
  3 iron trolls
  2 fire crabs
  A soul eater (Abyss:5)
  4 wretched stars
  3 salamander mystics
  4 skeletal warriors (Vaults:1)
  12 spatial maelstroms
  An ice devil (Abyss:3)
  20 deep elf knights
  3 spriggan druids
  12 deep elf summoners
  6 wizards
  8 sea snakes (Snake:4)
  46 deep trolls
  6 flayed ghosts
  8 hill giants
  17 hell knights
  8 swamp dragons
  12 small abominations
  3 phantasmal warriors
  An obsidian statue (WizLab)
  An orange crystal statue (D:12)
  5 naga ritualists
  6 unseen horrors
  2 anaconda skeletons
  A shadow demon (Depths:3)
  13 necromancers
  2 giant orange brains
  An unseen horror (shapeshifter) (Vaults:2)
  A shambling mangrove (Swamp:4)
  15 deep elf conjurers
  17 mana vipers
  4 oklob plants (Zig:7)
  17 ironbrand convokers
  3 orb spiders
  6 wolf spiders
  20 salamanders
  5 orc sorcerers
  37 ugly things
  9 orc knights
  10 hornets
  4 griffons
  3 sixfirhies
  7 cyclopes
  A shining eye (shapeshifter) (Vaults:5)
  A stone giant zombie (Depths:1)
  4 worldbinders (WizLab)
  An iron dragon skeleton (Zig:11)
  2 octopodes (shapeshifter)
  A faun (shapeshifter) (Elf:3)
  10 guardian serpents
  33 moths of wrath
  A molten gargoyle (Lair:8)
  20 elephants
  Maurice (D:9)
  Joseph (D:7)
  A moth of wrath (shapeshifter) (Elf:3)
  19 vault sentinels
  2 guardian serpents (shapeshifter)
  3 ice statues
  21 spiny frogs
  Psyche (D:10)
  36 black mambas
  19 naga magi
  2 apocalypse crabs
  4 orange demons
  A fire drake (shapeshifter) (Elf:3)
  5 smoke demons
  A yaktaur (shapeshifter) (Depths:1)
  A hellion (Zig:7)
  A gargoyle (D:14)
  A tormentor (D:10)
  5 demonic crawlers
  A fire drake (Lair:8)
  6 kobold demonologists
  49 yaktaurs
  3 tengu conjurers
  An efreet (D:14)
  A yaktaur skeleton (Depths:1)
  9 komodo dragons
  9 hellwings
  18 deep elf priests
  A jumping spider (shapeshifter) (Elf:2)
  3 guardian mummies (Zig:11)
  9 polar bears
  16 freezing wraiths
  18 two-headed ogres
  9 blue devils
  13 jumping spiders
  2 red devils
  6 ancient zymes
  6 giant leeches
  A wind drake (WizLab)
  8 boulder beetles
  Prince Ribbit (D:7)
  A trapdoor spider zombie (D:10)
  8 trolls
  An elf zombie (Zig:11)
  23 raiju
  12 bog bodies
  19 slime creatures
  3 ushabtiu (Zig:11)
  A minotaur skeleton (Abyss:4)
  28 blink frogs
  A trapdoor spider (Zig:8)
  28 redbacks
  3 shadows
  2 flying skulls (Zig:11)
  The ghost of BoastOfToast the Caller, an amateur TeSu of Sif Muna (D:5)
  A stone giant simulacrum (Depths:1)
  A fire giant simulacrum (Depths:1)
  13 spriggans
  37 deep elf fighters
  2 ynoxinuls
  4 air elementals (Depths:5)
  31 deep elf magi
  10 water elementals
  A golden eye (Zot:5)
  20 humans
  A wyvern (D:14)
  2 fire bats (Abyss:5)
  9 neqoxecs
  59 yaks
  3 hungry ghosts
  14 vampire mosquitoes
  8 tarantellas
  4 chaos spawn
  A human (shapeshifter) (Vaults:2)
  4 wraiths
  A golden eye (shapeshifter) (Vaults:2)
  2 human simulacra
  A hippogriff (shapeshifter) (Vaults:3)
  4 basilisks
  A death yak simulacrum (IceCv)
  10 hippogriffs
  12 water moccasins
  55 nagas
  8 spatial vortices
  3 mottled dragons
  7 wargs
  17 wolves
  10 insubstantial wisps
  23 swamp worms
  16 porcupines
  A warg (shapeshifter) (D:14)
  4 hell hounds
  A soldier ant (shapeshifter) (Vaults:1)
  13 swamp drakes
  18 orc warriors
  A spider (Zig:10)
  A wasp (shapeshifter) (Vaults:5)
  7 black bears
  2 eyes of draining
  Purgy (D:3)
  9 ice beasts
  13 boggarts
  3 sky beasts
  13 wasps
  A phantom (D:13)
  45 ogres
  2 necrophages
  19 crocodiles
  An orc skeleton (WizLab)
  4 brain worms
  19 centaurs
  6 big kobolds
  5 gnoll sergeants (D:9)
  Blork the orc (D:11)
  21 giant frogs
  9 scorpions
  A swamp dragon simulacrum (IceCv)
  4 killer bees (D:12)
  3 lava snakes (Volcano)
  11 wights
  3 centaur zombies
  An electric eel (Lair:7)
  10 crimson imps
  2 giant frog zombies
  2 iron imps
  37 starcursed masses
  8 iguanas
  42 orc priests
  3 giant frog skeletons
  7 hounds
  2 quasits
  2 draconian simulacra (IceCv)
  19 jellies
  28 orc wizards
  Jessica (D:3)
  3 centaur skeletons
  13 worker ants
  3 yak simulacra (Lair:7)
  3 polar bear simulacra
  2 wolf simulacra
  2 spriggan simulacra (IceCv)
  33 sheep
  4 troll simulacra (IceCv)
  6 centaur simulacra (IceCv)
  A hound skeleton (D:4)
  A worker ant zombie (D:6)
  6 mummies (Zig:11)
  Robin (D:3)
  2 ogre simulacra (IceCv)
  21 gnolls
  78 river rats
  12 adders
  2 naga simulacra (IceCv)
  4 shadow imps
  14 white imps
  2 ufetubi
  7 oozes
  3 adder skeletons
  An adder zombie (D:4)
  3 worms
  188 orcs
  8 bats
  18 goblins
  6 hobgoblins
  4 jackals (D:11)
  41 kobolds
  5 giant cockroaches
  13 giant geckos
  A giant gecko skeleton (D:7)
  2 giant gecko zombies
  7 giant newts
  3 quokkas
  13 rats
  4 river rat simulacra (Lair:7)
  4 briar patches (Swamp:3)
  3 crawling corpses
  9 plants
  2 starspawn tentacles (Abyss:4)
3042 creatures vanquished.

Vanquished Creatures (collateral kills)
  A salamander mystic (Snake:2)
  A fire giant skeleton (Zig:11)
  2 ushabtiu (Zig:11)
  2 mummies (Zig:11)
6 creatures vanquished.

Vanquished Creatures (others)
  A fire giant (Depths:5)
  A hydra (Swamp:4)
  An ogre mage (Depths:2)
  A deep elf knight (Elf:3)
  A swamp dragon (Swamp:4)
  A wizard (Vaults:4)
  A moth of wrath (Zot:5)
  A red devil (Zot:5)
  A redback (Zig:8)
  A spriggan (Swamp:4)
  3 golden eyes (Zot:5)
  A deep elf fighter (Elf:3)
  2 deep elf magi
  2 swamp drakes (Swamp:4)
  A boggart (Vaults:3)
  A wasp (Swamp:4)
  An ogre (Depths:3)
  3 small abominations (Abyss:4)
  A quasit (Zot:5)
  A sheep (Lair:8)
  A naga simulacrum (IceCv)
  An ogre simulacrum (IceCv)
  3 orcs
  A river rat simulacrum (Lair:7)
  A briar patch (Swamp:4)
  7 bushes (Abyss:4)
  5397 eldritch tentacle segments (WizLab)
  31 fungi
  3 lurking horrors
  36 plants
  19 starspawn tentacles
  83 starspawn tentacle segments
5609 creatures vanquished.

Grand Total: 8657 creatures vanquished

Notes
Turn   | Place    | Note
--------------------------------------------------------------
     0 | D:1      | TruthSerum the Minotaur Fighter began the quest for the Orb.
     0 | D:1      | Reached XP level 1. HP: 19/19 MP: 0/0
    51 | D:1      | Reached skill level 4 in Fighting
    51 | D:1      | Reached XP level 2. HP: 27/27 MP: 1/1
   648 | D:1      | Reached XP level 3. HP: 34/34 MP: 2/2
  1049 | D:2      | Found a blossoming altar of Fedhas.
  1157 | D:2      | Found a shadowy altar of Dithmenos.
  1207 | D:2      | Reached skill level 5 in Fighting
  1207 | D:2      | Reached XP level 4. HP: 40/42 MP: 3/3
  1396 | D:3      | Noticed Purgy
  1404 | D:3      | Killed Purgy
  1404 | D:3      | Reached skill level 5 in Maces & Flails
  1404 | D:3      | Reached XP level 5. HP: 43/50 MP: 4/4
  1569 | D:3      | Noticed Robin
  1581 | D:3      | Reached skill level 6 in Fighting
  1588 | D:3      | Killed Robin
  1639 | D:3      | Found a shimmering altar of Xom.
  1660 | D:3      | Found a basalt altar of Yredelemnul.
  1766 | D:3      | Noticed Jessica
  1768 | D:3      | Reached XP level 6. HP: 57/57 MP: 5/5
  1778 | D:3      | Killed Jessica
  2369 | D:4      | Reached skill level 7 in Fighting
  2564 | D:4      | Got a spiked plate armour
  2575 | D:4      | Identified the +3 plate armour of the Assorted Stars {+Fly MR+ Int+2 Dex-5} (You found it on level 4 of the Dungeon)
  2804 | D:4      | Reached XP level 7. HP: 46/66 MP: 6/6
  2922 | D:5      | Entered Level 5 of the Dungeon
  3330 | D:5      | Noticed BoastOfToast's ghost (amateur TeSu)
  3335 | D:5      | Killed BoastOfToast's ghost
  3335 | D:5      | Reached skill level 8 in Fighting
  3425 | D:5      | Reached XP level 8. HP: 34/75 MP: 7/7
  3957 | D:6      | Reached skill level 9 in Fighting
  4697 | D:6      | You fall through a shaft!
  4697 | D:7      | Noticed Prince Ribbit
  4707 | D:7      | Reached skill level 10 in Fighting
  4722 | D:7      | Killed Prince Ribbit
  4722 | D:7      | Reached skill level 10 in Maces & Flails
  4722 | D:7      | Reached XP level 9. HP: 16/86 MP: 8/8
  5404 | D:6      | Reached skill level 11 in Fighting
  5472 | D:7      | Found a staircase to the Ecumenical Temple.
  5506 | Temple   | Entered the Ecumenical Temple
  5792 | D:7      | Found a shattered altar of Ashenzari.
  5848 | D:7      | Got a sapphire whip
  5849 | D:7      | Identified the +9 whip "Amaesezi" {venom, Str+4 Stlth+} (You found it on level 7 of the Dungeon)
  5898 | D:7      | Found an iron altar of Okawaru.
  5915 | D:7      | Became a worshipper of Warmaster Okawaru
  5966 | D:7      | Found a glowing silver altar of Zin.
  5975 | D:7      | Noticed Joseph
  5987 | D:7      | Killed Joseph
  6207 | D:8      | Reached skill level 1 in Invocations
  6312 | D:8      | Reached skill level 12 in Fighting
  6495 | D:8      | Reached * piety under Okawaru
  6542 | D:8      | Gained mutation: You are agile. (Dex +2) [mutagenic meat]
  6543 | D:8      | Gained mutation: You are robust (+10% HP). [mutagenic meat]
  6544 | D:8      | Gained mutation: You possess an exceptional clarity of mind. [mutagenic meat]
  6545 | D:8      | Gained mutation: You are partially covered in rough black scales (AC +4, Dex -1). [mutagenic meat]
  6546 | D:8      | Gained mutation: Your magical capacity is low (-10% MP). [mutagenic meat]
  6547 | D:8      | Gained mutation: You are partially covered in molten scales (AC +1). [mutagenic meat]
  6580 | D:8      | Reached XP level 10. HP: 98/106 MP: 9/9
  6671 | D:8      | Reached ** piety under Okawaru
  6750 | D:8      | Found a staircase to the Lair.
  7008 | Lair:1   | Entered Level 1 of the Lair of Beasts
  7152 | Lair:1   | Reached *** piety under Okawaru
  7171 | Lair:1   | Reached skill level 13 in Fighting
  7262 | Lair:1   | Reached skill level 5 in Invocations
  7290 | Lair:1   | Noticed a black mamba
  7297 | Lair:1   | Killed a black mamba
  7331 | Lair:1   | Reached **** piety under Okawaru
  7804 | Lair:1   | Reached XP level 11. HP: 117/117 MP: 11/12
  8135 | Lair:2   | Noticed an eight-headed hydra
  8170 | Lair:2   | Reached ***** piety under Okawaru
  8444 | Lair:2   | Noticed a five-headed hydra
  8463 | Lair:2   | Killed a five-headed hydra
  8463 | Lair:2   | Reached skill level 14 in Fighting
  9176 | Lair:3   | Found a staircase to the Snake Pit.
  9234 | Lair:3   | Identified a scroll of acquirement
  9412 | Lair:3   | Received a gift from Okawaru
  9832 | Lair:3   | Received a gift from Okawaru
 10246 | Lair:3   | Noticed Nergalle
 10270 | Lair:3   | Killed Nergalle
 10270 | Lair:3   | Reached XP level 12. HP: 107/129 MP: 15/15
 10655 | Lair:4   | Reached ****** piety under Okawaru
 10889 | Lair:4   | Reached skill level 15 in Fighting
 11278 | Lair:4   | Reached skill level 15 in Maces & Flails
 11289 | Lair:4   | Received a gift from Okawaru
 11304 | Lair:4   | Got a warped great mace {god gift}
 11305 | Lair:4   | Identified the +6 great mace "Fewaunar" {crush, MR+ Int+7} (Okawaru gifted it to you on level 4 of the Lair of Beasts)
 11796 | Lair:4   | Killed an eight-headed hydra
 12281 | Lair:5   | Noticed an eight-headed hydra
 12291 | Lair:5   | Killed an eight-headed hydra
 12480 | Lair:5   | Noticed a five-headed hydra
 12489 | Lair:5   | Killed a five-headed hydra
 12489 | Lair:5   | Reached skill level 10 in Invocations
 12514 | Lair:5   | Found a staircase to the Swamp.
 12833 | Lair:5   | Noticed Nessos
 12869 | Lair:5   | Killed Nessos
 13019 | Lair:6   | Noticed crawdingle's ghost (journeyman GrBe)
 13030 | Lair:6   | Killed crawdingle's ghost
 13030 | Lair:6   | Reached skill level 16 in Fighting
 13030 | Lair:6   | Reached XP level 13. HP: 106/140 MP: 17/17
 13086 | Lair:6   | Found a dark tunnel.
 13097 | Volcano  | Entered a volcano
 13190 | Volcano  | Found a bloodstained altar of Trog.
 13707 | Lair:6   | Reached skill level 5 in Shields
 13711 | Lair:6   | Reached skill level 5 in Armour
 13714 | Lair:6   | Received a gift from Okawaru
 14564 | Lair:7   | Reached skill level 1 in Dodging
 14729 | Lair:7   | Found a staircase to the Slime Pits.
 14908 | Lair:7   | Received a gift from Okawaru
 16280 | Lair:8   | Entered Level 8 of the Lair of Beasts
 16327 | Lair:8   | Reached XP level 14. HP: 145/151 MP: 18/18
 16365 | Lair:8   | Reached skill level 17 in Fighting
 16378 | Lair:8   | Reached skill level 5 in Dodging
 17230 | Lair:8   | Noticed Maud
 17259 | Lair:8   | Killed Maud
 17259 | Lair:8   | Reached skill level 1 in Evocations
 17403 | Lair:8   | Received a gift from Okawaru
 17412 | Lair:8   | Got an ancient cloak {god gift}
 17423 | Lair:8   | Identified the +1 cloak of Saik {*Contam Dex+3 SInv} (Okawaru gifted it to you on level 8 of the Lair of Beasts)
 17594 | Lair:8   | Noticed a dire elephant
 17611 | Lair:8   | Killed a dire elephant
 17696 | Lair:8   | Found a burning altar of Makhleb.
 18046 | Lair:8   | Found a gateway to Hell.
 18557 | D:9      | Noticed Maurice
 18572 | D:9      | Noticed Ramon's ghost (novice DsFi)
 18599 | D:9      | Killed Ramon's ghost
 18599 | D:9      | Reached skill level 10 in Shields
 18607 | D:9      | Killed Maurice
 18851 | D:9      | Found a sacrificial altar of Ru.
 19243 | D:9      | Found a staircase to the Orcish Mines.
 19460 | Orc:1    | Entered Level 1 of the Orcish Mines
 19822 | Orc:3    | Found a roughly hewn altar of Beogh.
 21067 | Orc:4    | Entered Level 4 of the Orcish Mines
 21164 | Orc:4    | Noticed Snorg
 21180 | Orc:4    | Killed Snorg
 21180 | Orc:4    | Reached XP level 15. HP: 129/163 MP: 19/19
 21221 | Orc:4    | Found Vaugh's General Store.
 21241 | Orc:4    | Reached skill level 18 in Fighting
 21251 | Orc:4    | Found a staircase to the Elven Halls.
 21597 | Orc:4    | Received a gift from Okawaru
 21598 | Orc:4    | Got a fine mace {god gift}
 21599 | Orc:4    | Identified the +0 mace "Rucuj" {drain, Str+3} (Okawaru gifted it to you on level 4 of the Orcish Mines)
 21735 | Orc:4    | Found Catashypn's Distillery.
 21884 | Orc:4    | Bought a potion of heal wounds for 75 gold pieces
 21888 | Orc:4    | Found Etrots's Armour Shoppe.
 21938 | Orc:4    | Bought the +3 pair of boots of the Vestibule of Hell {rF+ rC+ Dex-2} for 435 gold pieces
 22270 | Orc:4    | Found a roughly hewn altar of Beogh.
 22525 | Orc:4    | Paralysed by an orc sorcerer for 2 turns
 22562 | Orc:4    | Found Atefujy's Distillery.
 22562 | Orc:4    | Found Jepsuwet's Antique Armour Shoppe.
 22567 | Orc:4    | Bought a potion of heal wounds for 90 gold pieces
 22567 | Orc:4    | Bought a potion of heal wounds for 90 gold pieces
 22567 | Orc:4    | Bought a potion of heal wounds for 90 gold pieces
 23096 | D:10     | Entered Level 10 of the Dungeon
 23215 | D:10     | Found a sacrificial altar of Ru.
 23328 | D:10     | Reached skill level 5 in Evocations
 23333 | D:10     | Noticed Psyche
 23340 | D:10     | Killed Psyche
 23990 | D:11     | Found a glowing golden altar of the Shining One.
 24087 | D:11     | Noticed Erica
 24088 | D:11     | Noticed Blork the orc
 24104 | D:11     | Killed Erica
 24105 | D:11     | Killed Blork the orc
 24813 | D:12     | Found a shimmering altar of Xom.
 25635 | D:13     | Found a sparkling altar of Nemelex Xobeh.
 26105 | D:13     | Received a gift from Okawaru
 26119 | D:13     | Got a pair of faintly humming boots {god gift}
 26142 | D:13     | Identified the -1 pair of boots "Gufra" {rElec Str+3 Slay+2} (Okawaru gifted it to you on level 13 of the Dungeon)
 26244 | D:13     | Found a gate to the Vaults.
 27153 | D:14     | Reached skill level 10 in Dodging
 27555 | D:15     | Entered Level 15 of the Dungeon
 27758 | D:15     | Found an opulent altar of Gozag.
 27763 | D:15     | Reached XP level 16. HP: 174/174 MP: 20/20
 27793 | D:15     | Received a gift from Okawaru
 27801 | D:15     | Reached skill level 19 in Fighting
 28012 | D:15     | Found a staircase to the Depths.
 28100 | D:15     | Found a frozen archway.
 28139 | IceCv    | Entered an ice cave
 28434 | IceCv    | Found an ancient bone altar of Kikubaaqudgha.
 28994 | D:12     | You fall through a shaft!
 29283 | Snake:1  | Entered Level 1 of the Snake Pit
 29403 | Snake:1  | Received a gift from Okawaru
 29671 | Snake:1  | Noticed Louise
 29685 | Snake:1  | Killed Louise
 30787 | Snake:2  | Received a gift from Okawaru
 30873 | Snake:2  | Reached XP level 17. HP: 127/187 MP: 21/21
 31295 | Snake:3  | Reached skill level 20 in Fighting
 32348 | Snake:4  | Entered Level 4 of the Snake Pit
 32975 | Snake:4  | Received a gift from Okawaru
 33002 | Snake:4  | Reached skill level 10 in Evocations
 33043 | Snake:4  | Reached skill level 15 in Shields
 33731 | Snake:4  | Received a gift from Okawaru
 33741 | Snake:4  | Got a scorched mace {god gift}
 33742 | Snake:4  | Identified the +3 mace of Nightmares {venom, rF+ MP+9} (Okawaru gifted it to you on level 4 of the Snake Pit)
 33768 | Snake:4  | Reached XP level 18. HP: 161/198 MP: 16/22
 34218 | Snake:4  | Got a serpentine rune of Zot
 34569 | Swamp:1  | Entered Level 1 of the Swamp
 34570 | Swamp:1  | Upgraded the game from 0.17.0-7-gfadd4cc to 0.17.0-9-g801d43b
 34726 | Swamp:1  | Received a gift from Okawaru
 35567 | Swamp:2  | Reached skill level 21 in Fighting
 35900 | Swamp:2  | Noticed Nikola
 35914 | Swamp:2  | Killed Nikola
 35960 | Swamp:2  | Noticed Kirke
 35971 | Swamp:2  | Killed Kirke
 36355 | Swamp:3  | Received a gift from Okawaru
 37013 | Swamp:4  | Entered Level 4 of the Swamp
 37520 | Swamp:4  | Reached skill level 10 in Armour
 37771 | Swamp:4  | Got a decaying rune of Zot
 38688 | D:11     | Reached XP level 19. HP: 209/209 MP: 24/24
 38976 | Snake:2  | Got a fine plate armour {god gift}
 38977 | Snake:2  | Identified the +9 plate armour of Quantum Leap {rElec Regen+} (Okawaru gifted it to you on level 2 of the Snake Pit)
 39393 | Vaults:1 | Entered Level 1 of the Vaults
 39470 | Vaults:1 | Received a gift from Okawaru
 39641 | Vaults:1 | Found Gozag's Antique Weapon Boutique.
 39664 | Vaults:1 | Found Gozag's Assorted Antiques.
 39664 | Vaults:1 | Found an opulent altar of Gozag.
 39691 | Vaults:1 | Found Gozag's Antique Armour Boutique.
 39906 | Vaults:1 | Reached skill level 15 in Dodging
 40030 | Vaults:1 | Received a gift from Okawaru
 40348 | Vaults:1 | Noticed Aizul
 40369 | Vaults:1 | Killed Aizul
 40893 | Vaults:2 | Noticed Boris
 40925 | Vaults:2 | Killed Boris
 40925 | Vaults:2 | Reached skill level 22 in Fighting
 41385 | Vaults:2 | Received a gift from Okawaru
 41389 | Vaults:2 | Got a crystal morningstar {god gift}
 41390 | Vaults:2 | Identified the +6 morningstar "Killer Klown's Bane" {flame, rElec MR+} (Okawaru gifted it to you on level 2 of the Vaults)
 41627 | Vaults:2 | Reached XP level 20. HP: 210/220 MP: 25/25
 42727 | Vaults:3 | Received a gift from Okawaru
 42728 | Vaults:3 | Got a pair of scorched gloves {god gift}
 42804 | Vaults:3 | Identified the -3 pair of gloves of the Garden {+Blink rF- rC+ Str+4} (Okawaru gifted it to you on level 3 of the Vaults)
 42890 | Vaults:3 | Found Ycuecha's Distillery.
 42898 | Vaults:3 | Bought a potion of heal wounds for 60 gold pieces
 42898 | Vaults:3 | Bought a potion of cure mutation for 420 gold pieces
 42901 | Vaults:3 | Found a staircase to the Crypt.
 44696 | Vaults:4 | Received a gift from Okawaru
 44762 | Vaults:4 | Got a blackened large shield {god gift}
 44768 | Vaults:4 | Identified the +2 large shield of Mental Paralysis {*Drain rN+ Dex+2 SInv} (Okawaru gifted it to you on level 4 of the Vaults)
 45162 | Vaults:4 | Got a distressingly furry hat
 45168 | Vaults:4 | Identified the +0 hat "Isebbina" {Regen+ MP+9} (You found it on level 4 of the Vaults)
 45191 | Vaults:4 | Found a radiant altar of Vehumet.
 45215 | Vaults:4 | Got a dazzling hat
 45226 | Vaults:4 | Identified the +2 hat "Moserecw" {+Blink Regen+ Int+2} (You found it on level 4 of the Vaults)
 45429 | Vaults:4 | Reached XP level 21. HP: 231/231 MP: 25/25
 45489 | Vaults:5 | Entered Level 5 of the Vaults
 45531 | Vaults:4 | Reached skill level 23 in Fighting
 45739 | Vaults:5 | Received a gift from Okawaru
 45837 | Vaults:5 | Got a heavily runed cloak {god gift}
 45838 | Vaults:5 | Identified the +0 cloak of Zitwiq {Int+2} (Okawaru gifted it to you on level 5 of the Vaults)
 46388 | Vaults:5 | Got a faintly glowing iron amulet
 46389 | Vaults:5 | Identified the amulet of Oroti {rN+ Regen+} (You found it on level 5 of the Vaults)
 46487 | Vaults:5 | Received a gift from Okawaru
 46663 | Vaults:5 | Reached skill level 15 in Armour
 46740 | Vaults:5 | Reached XP level 22. HP: 221/242 MP: 26/26
 46864 | Vaults:5 | Got a shimmering plate armour
 46865 | Vaults:5 | Identified the +8 plate armour of the Game of Kings {+Inv rC++ Dex-4} (You found it on level 5 of the Vaults)
 46874 | Vaults:5 | Got a silver rune of Zot
 47043 | Vaults:5 | Noticed an ancient lich
 47067 | Vaults:5 | Killed an ancient lich
 47605 | Vaults:5 | Received a gift from Okawaru
 47973 | Depths:1 | Entered Level 1 of the Depths
 48863 | Depths:1 | Found a one-way gate to the infinite horrors of the Abyss.
 49301 | Depths:1 | Found a basalt altar of Yredelemnul.
 49378 | Depths:2 | Found a one-way gate leading to the halls of Pandemonium.
 49500 | Depths:2 | Reached skill level 24 in Fighting
 49607 | Depths:2 | Found a large runed door.
 49611 | Depths:2 | Found a large runed door.
 49990 | Depths:2 | Found a large runed door.
 49994 | Depths:2 | Found a large runed door.
 50115 | Depths:2 | Found a large runed door.
 50119 | Depths:2 | Found a large runed door.
 50191 | Depths:2 | Received a gift from Okawaru
 50194 | Depths:2 | Got a scorched cloak {god gift}
 50195 | Depths:2 | Identified the +1 cloak of the Four Beds {*Confuse MR++ Str+5} (Okawaru gifted it to you on level 2 of the Depths)
 50243 | Depths:2 | Lost mutation: You are robust (+10% HP). [mutagenic glow]
 50627 | Depths:2 | Found a large runed door.
 50631 | Depths:2 | Found a large runed door.
 50659 | Depths:2 | Noticed Margery
 50676 | Depths:2 | Killed Margery
 50815 | Depths:3 | Upgraded the game from 0.17.0-9-g801d43b to 0.17.0-15-g6d90897
 50880 | Depths:3 | Reached XP level 23. HP: 208/229 MP: 27/27
 51028 | Depths:3 | Noticed the Enchantress
 51040 | Depths:3 | Killed the Enchantress
 51451 | Depths:3 | Noticed a juggernaut
 51488 | Depths:3 | Killed a juggernaut
 51592 | Depths:3 | Found a gateway to a ziggurat.
 51755 | Depths:3 | Received a gift from Okawaru
 51790 | Depths:3 | Noticed a juggernaut
 51806 | Depths:3 | Killed a juggernaut
 52382 | Depths:4 | Got a pitted morningstar
 52383 | Depths:4 | Identified the +3 morningstar of Wealth {pain, MR- MP+9 Str-2 SInv} (You found it on level 4 of the Depths)
 52571 | Depths:4 | Received a gift from Okawaru
 52971 | Depths:4 | Reached XP level 24. HP: 240/240 MP: 27/27
 52974 | Depths:4 | Found a viscous altar of Jiyva.
 53086 | Depths:4 | Found Bemmuthroi's General Store.
 53116 | Depths:4 | Bought a scroll of enchant armour for 112 gold pieces
 53323 | Depths:5 | Entered Level 5 of the Depths
 53449 | Depths:5 | Reached skill level 25 in Fighting
 53880 | Depths:5 | Received a gift from Okawaru
 54258 | Depths:5 | Found a gate to the Realm of Zot.
 54298 | Depths:5 | Noticed a juggernaut
 54315 | Depths:5 | Killed a juggernaut
 54718 | Depths:4 | Voluntarily entered the Abyss.
 54757 | Abyss:2  | Found a corrupted altar of Lugonu.
 54767 | Abyss:2  | Found a stormy altar of Qazlal.
 54773 | Abyss:2  | Found a corrupted altar of Lugonu.
 54777 | Abyss:3  | Found a corrupted altar of Lugonu.
 54991 | Abyss:3  | Paralysed by accursed screaming for 1 turns
 55242 | Abyss:4  | Paralysed by you for 4 turns
 55310 | Abyss:4  | Noticed an ancient lich
 55326 | Abyss:4  | Killed an ancient lich
 55326 | Abyss:4  | Received a gift from Okawaru
 55542 | Abyss:4  | Got an abyssal rune of Zot
 55640 | Abyss:4  | Reached XP level 25. HP: 225/225 MP: 27/27
 55817 | Abyss:4  | Paralysed by accursed screaming for 1 turns
 55834 | Abyss:4  | Paralysed by accursed screaming for 2 turns
 55838 | Abyss:4  | Paralysed by accursed screaming for 1 turns
 55851 | Abyss:5  | Entered Level 5 of the Abyss
 55994 | Depths:4 | Escaped the Abyss
 56443 | Elf:1    | Entered Level 1 of the Elven Halls
 56469 | Elf:1    | Found a radiant altar of Vehumet.
 57286 | Elf:2    | Found Uwyhu's Assorted Antiques.
 57301 | Elf:2    | Bought a potion of heal wounds for 130 gold pieces
 57442 | Elf:2    | Found a runed gate.
 57442 | Elf:2    | Found a runed gate.
 57442 | Elf:2    | Found a runed gate.
 57775 | Elf:2    | Reached skill level 26 in Fighting
 57896 | Elf:2    | Noticed Norris
 57967 | Elf:2    | Killed Norris
 58221 | Elf:3    | Entered Level 3 of the Elven Halls
 58273 | Elf:3    | Lost mutation: You are agile. (Dex +2) [a shining eye]
 58303 | Elf:3    | Found a magical portal.
 58370 | WizLab   | Entered The Roulette of Golubria
 58372 | WizLab   | Found a corrupted altar of Lugonu.
 59779 | WizLab   | Got a heavily runed cloak
 59805 | WizLab   | Identified the cursed +0 cloak "Nayttel" {rElec rPois MR++} (You found it in a wizard's laboratory)
 59808 | WizLab   | Got a brightly glowing cloak
 59809 | WizLab   | Identified the +2 cloak of Qius {rElec Str+3} (You found it in a wizard's laboratory)
 59812 | WizLab   | Got a fine cloak
 59813 | WizLab   | Identified the +0 cloak of the Shore {rC+++ Str+7 Slay-3} (You found it in a wizard's laboratory)
 60910 | Elf:3    | Received a gift from Okawaru
 61138 | Elf:3    | Got a wavering lead ring
 61189 | Elf:3    | Got a slimy steel amulet
 61191 | Elf:3    | Identified the amulet of Monotheism {Faith +Blink Dex+5} (You took it off a deep elf fighter on level 3 of the Elven Halls)
 61193 | Elf:3    | Identified the ring of Kika {rPois rC+ Int+4 Dex+4} (You took it off a deep elf master archer on level 3 of the Elven Halls)
 62347 | Zig:1    | Entered Level 1 of a ziggurat
 62380 | Zig:2    | Entered Level 2 of a ziggurat
 62423 | Zig:3    | Entered Level 3 of a ziggurat
 62522 | Zig:4    | Entered Level 4 of a ziggurat
 62553 | Zig:4    | Reached skill level 27 in Fighting
 62575 | Zig:4    | Got a pitted platinum ring
 62583 | Zig:4    | Identified the ring of Accord {+Fly rF- rN+ MP+9 Slay+3} (You found it on level 4 of a ziggurat)
 62590 | Zig:5    | Entered Level 5 of a ziggurat
 62620 | Zig:5    | Reached XP level 26. HP: 264/264 MP: 23/27
 62670 | Zig:6    | Entered Level 6 of a ziggurat
 62692 | Zig:6    | Received a gift from Okawaru
 62739 | Zig:6    | Got a sparkling copper ring
 62744 | Zig:6    | Identified the ring of Entrepreneurial Spirit {rF+ Str+6 Int+2} (You found it on level 6 of a ziggurat)
 62748 | Zig:7    | Entered Level 7 of a ziggurat
 62767 | Zig:7    | Paralysed by accursed screaming for 2 turns
 62812 | Zig:7    | Paralysed by accursed screaming for 1 turns
 62825 | Zig:7    | Paralysed by accursed screaming for 1 turns
 62862 | Zig:7    | Reached XP level 27. HP: 56/271 MP: 27/27
 62873 | Zig:7    | Gained mutation: You are partially covered in icy blue scales (AC +1). [potion of beneficial mutation]
 62877 | Zig:7    | Identified the Collected Works on Icy Boosts
 63022 | Zig:8    | Entered Level 8 of a ziggurat
 63309 | Zig:9    | Entered Level 9 of a ziggurat
 63405 | Zig:9    | Got a pair of faintly humming boots
 63437 | Zig:9    | Identified the Disquisition on Confrontation
 63465 | Zig:9    | Identified the +1 pair of boots of Ushruts {rF+++ MR- Int+2 Stlth+} (You found it on level 9 of a ziggurat)
 63499 | Zig:10   | Entered Level 10 of a ziggurat
 63647 | Zig:10   | Got a wavering silver ring
 63648 | Zig:10   | Identified the ring "Muwkuliduu" {Wiz *Corrode +Inv rElec rPois} (You found it on level 10 of a ziggurat)
 63673 | Zig:11   | Entered Level 11 of a ziggurat
 63756 | Zig:11   | HP: 12/273 [??? (8)]
 64222 | Zot:1    | Entered Level 1 of the Realm of Zot
 64337 | Zot:1    | Received a gift from Okawaru
 67504 | Zot:3    | Received a gift from Okawaru
 69051 | Zot:5    | Entered Level 5 of the Realm of Zot
 69609 | Zot:5    | Noticed an ancient lich
 69623 | Zot:5    | Noticed an ancient lich
 69632 | Zot:5    | Noticed an orb of fire
 69632 | Zot:5    | Gained mutation: You occasionally shout uncontrollably at your foes. [an orb of fire]
 69636 | Zot:5    | Gained mutation: Your spells are a little easier to cast, but a little less powerful. [an orb of fire]
 69757 | Zot:5    | Noticed an ancient lich
 69782 | Zot:5    | Noticed an orb of fire
 69783 | Zot:5    | Killed an ancient lich
 69783 | Zot:5    | Received a gift from Okawaru
 69797 | Zot:5    | Gained mutation: You are frail (-10% HP). [an orb of fire]
 69802 | Zot:5    | Noticed an ancient lich
 69804 | Zot:5    | Gained mutation: Potions and wands are less effective at restoring your health. [an orb of fire]
 69805 | Zot:5    | Noticed an ancient lich
 69809 | Zot:5    | Killed an orb of fire
 69816 | Zot:5    | Killed an ancient lich
 69843 | Zot:5    | Killed an ancient lich
 69847 | Zot:5    | HP: 1/245 [green draconian/battleaxe (14)]
 70355 | Zot:5    | Noticed an orb of fire
 70361 | Zot:5    | Gained mutation: Your magical capacity is very low (-20% MP). [an orb of fire]
 70368 | Zot:5    | Gained mutation: You are dopey. (Int -2) [an orb of fire]
 70371 | Zot:5    | Gained mutation: Your body sometimes deteriorates upon taking damage. [an orb of fire]
 70376 | Zot:5    | Gained mutation: You tend to lose your temper in combat. [an orb of fire]
 70381 | Zot:5    | Killed an orb of fire
 70462 | Zot:5    | Noticed an orb of fire
 70512 | Zot:5    | Killed an orb of fire
 70539 | Zot:5    | Noticed an orb of fire
 70539 | Zot:5    | Got the Orb of Zot
 70555 | Zot:5    | Gained mutation: You sometimes yell uncontrollably at your foes. [an orb of fire]
 70556 | Zot:5    | Gained mutation: You expend magic power (3 MP) to strengthen your wands. [an orb of fire]
 70558 | Zot:5    | Gained mutation: You are clumsy. (Dex -2) [an orb of fire]
 70586 | Zot:5    | Gained mutation: You are very clumsy. (Dex -4) [an orb of fire]
 70614 | Zot:4    | Lost mutation: Your spells are a little easier to cast, but a little less powerful. [potion of cure mutation]
 70614 | Zot:4    | Lost mutation: You are partially covered in molten scales (AC +1). [potion of cure mutation]
 70614 | Zot:4    | Lost mutation: Your body sometimes deteriorates upon taking damage. [potion of cure mutation]
 70614 | Zot:4    | Lost mutation: Potions and wands are less effective at restoring your health. [potion of cure mutation]
 70726 | Zot:1    | HP: 11/245 [??? (7)]
 70814 | Depths:4 | Noticed Aguu the pandemonium lord
 71194 | D:3      | Found an iron altar of Okawaru.
 71272 | D:$      | Escaped with the Orb!

Action                   |  1- 3 |  4- 6 |  7- 9 | 10-12 | 13-15 | 16-18 | 19-21 | 22-24 | 25-27 || total
-------------------------+-------+-------+-------+-------+-------+-------+-------+-------+-------++-------
Melee: Flail             |    87 |   137 |    39 |       |       |       |       |       |       ||   263
       Morningstar       |       |       |   204 |       |       |       |  1444 |  1036 |  2554 ||  5238
       Whip              |       |       |    81 |   652 |   719 |       |       |       |       ||  1452
       Eveningstar       |       |       |       |       |  1257 |  1559 |   618 |  1247 |   186 ||  4867
Invok: Finesse           |       |       |       |     1 |     7 |     3 |    13 |     8 |     8 ||    40
       Heroism           |       |       |       |       |     8 |       |     3 |       |     2 ||    13
 Abil: Evoke Flight      |       |       |       |       |       |       |       |       |     6 ||     6
       Evoke Blink       |       |       |       |       |       |       |       |       |     2 ||     2
       Stop Flying       |       |       |       |       |       |       |       |       |     1 ||     1
Evoke: Wand              |       |       |       |       |       |       |     2 |       |    20 ||    22
  Use: Potion            |       |     2 |     2 |     2 |       |     1 |     9 |       |    22 ||    38
       Scroll            |       |       |    17 |    11 |    19 |    13 |     8 |     8 |    36 ||   112
 Stab: Confused          |       |       |       |       |       |     1 |       |       |       ||     1
       Distracted        |       |       |       |       |       |       |     1 |     3 |     1 ||     5
  Eat: Chunk             |     1 |     5 |    21 |    19 |    69 |    37 |    30 |    32 |    47 ||   261
       Fruit             |       |       |       |     2 |     2 |       |       |       |    10 ||    14
       Royal jelly       |       |       |       |       |       |       |       |       |     1 ||     1
       Beef jerky        |       |       |       |       |       |       |       |       |     1 ||     1
